AoeStats
← Jamwoo

Arena

509679703Analyzed
2v2 RM · 6d ago on Sep 27, 2026· 48m 43s· 4 players
Game mode
Random Map
Map size
Medium (4 player)
Population
200
Speed
Normal
Resources
Standard
Victory
Conquest
Starting age
Dark Age
Ending age
Imperial Age
RankedLock teamsTeams togetherTeam positionsShared explorationLock speedFull tech treeHidden civsTurbo modeCheats
Victory
Defeat
🇬🇧 Varangians · United Kingdom
641
+15
🇨🇦 Danes · Canada
627
+16
🇦🇷 Britons · Argentina
833
-70
🇦🇷 Franks · Argentina
420
-8
Sanso8278
4:47 Loom
11:41 Loom
14:05 Loom
15:50 Feudal Age
19:04 Gold Mining
19:05 Stone Mining
18:57 Horse Collar
21:14 Double-Bit Axe
24:30 Town Watch
25:21 Wheelbarrow
26:08 Wheelbarrow
25:18 Town Watch
26:34 Forging
26:24 Scale Mail Armor
26:30 Scale Barding Armor
26:15 Fletching
26:25 Padded Archer Armor
26:39 Padded Archer Armor
29:03 Castle Age
26:54 Town Watch
27:44 Wheelbarrow
34:07 Iron Casting
33:47 Chain Mail Armor
38:51 Gold Shaft Mining
39:05 Town Patrol
39:20 Hand Cart
48:26 Imperial Age
46:02 Town Patrol
46:18 Hand Cart
Santi el Rey
1:36 Loom
13:13 Feudal Age
14:20 Town Watch
16:46 Wheelbarrow
16:43 Arson
16:53 Man-at-Arms
19:17 Double-Bit Axe
29:07 Scale Mail Armor
29:12 Scale Barding Armor
29:08 Padded Archer Armor
28:58 Fletching
29:19 Forging
JH
5:32 Loom
11:46 Feudal Age
13:23 Double-Bit Axe
13:20 Horse Collar
20:02 Stone Mining
20:58 Wheelbarrow
23:00 Castle Age
24:21 Heavy Plow
24:35 Bow Saw
23:57 Pikeman
25:16 Forging
25:08 Scale Mail Armor
25:02 Gold Mining
25:01 Town Watch
26:06 Squires
25:52 Arson
26:53 Town Patrol
27:53 Hamask
33:17 Iron Casting
32:57 Chain Mail Armor
40:35 Imperial Age
38:41 Hand Cart
41:20 Capped Ram
41:30 Elite Jomsviking
43:36 Blast Furnace
44:02 Siege Ram
46:24 Conscription
Jamwoo
5:30 Loom
12:29 Feudal Age
21:53 Castle Age
19:41 Double-Bit Axe
19:47 Horse Collar
25:08 Forging
25:19 Bow Saw
26:09 Stone Mining
26:47 Caravan
28:35 Elite Skirmisher
30:39 Iron Casting
30:10 Scale Barding Armor
30:15 Husbandry
33:34 Heavy Plow
33:16 Vendel Legacy
40:23 Imperial Age
40:18 Fletching
41:44 Bodkin Arrow
42:11 Chain Barding Armor
44:05 Two-Man Saw
42:46 Elite Jarl
44:00 Gold Mining
44:22 Cavalier
45:14 Bloodlines
46:41 Wheelbarrow
45:53 Town Watch
46:17 Padded Archer Armor
47:24 Blast Furnace
49:25 Chemistry
Connection lost

Rejoining the realm…

Still unreachable

The connection could not be restored.

Session expired

The server has moved on; the page needs a fresh start.